 Dungeon Crawl Stone Soup version 0.20.1-1-g8b1a95d (webtiles) character file.

3204 markt42 the Basher (level 9, -7/54 HPs)
             Began as a Gargoyle Fighter on Oct 22, 2017.
             Was a Believer of Okawaru.
             Killed by the air
             ... invoked by Gastronok
              (15 damage)
             ... on level 8 of the Dungeon.
             The game lasted 00:10:54 (7261 turns).

markt42 the Basher (Gargoyle Fighter)               Turns: 7261, Time: 00:10:55

Health: -7/54      AC: 23    Str: 19    XL:     9   Next: 96%
Magic:  0/9        EV:  5    Int: 10    God:    Okawaru [**....]
Gold:   280        SH: 13    Dex: 12    Spells: 8/8 levels left

rFire    + . .     SeeInvis .   a - +1 flail
rCold    . . .     Gourm    +   i - +3 shield
rNeg     + . .     Faith    .   s - +0 plate armour
rPois    ∞         Spirit   +   y - +0 helmet
rElec    +         Reflect  .   k - scarf {Spirit}
rCorr    .         Harm     .   D - +2 pair of gloves
MR       .....                  (no boots)
Stlth    ..........             A - amulet of the gourmand
Regen    0.2/turn               l - +3 ring of slaying
MPRegen  0.2/turn               g - ring of protection from fire

@: slowed, very slow
A: blurry vision 1, negative energy resistance 1, electricity resistance, wild
magic 2, unbreathing, petrification resistance, rot immunity, AC +5
a: Heroism, Renounce Religion


You were on level 8 of the Dungeon.
You worshipped Okawaru.
Okawaru was pleased with you.
You were very hungry.

You visited 2 branches of the dungeon, and saw 9 of its levels.
You also visited: Sewer.

You collected 392 gold pieces.
You spent 112 gold pieces at shops.

Inventory:

Hand Weapons
 a - a +1 flail (weapon)
Armour
 i - a +3 shield (worn)
 k - a scarf of spirit shield (worn)
 s - a +0 plate armour (worn)
 y - a +0 helmet (worn)
 D - a +2 pair of gloves (worn)
Jewellery
 g - a ring of protection from fire (right hand)
 l - a +3 ring of slaying (left hand)
 m - an uncursed ring of flight
 A - an amulet of the gourmand (around neck)
Wands
 d - a wand of digging (24/24)
 r - a wand of acid (5/15)
 u - a wand of flame (25/48)
 w - a wand of lightning (6/15)
Scrolls
 e - a scroll of blinking
 h - 10 scrolls of identify
 j - 5 scrolls of teleportation
 p - 4 scrolls of remove curse
 q - 3 scrolls of magic mapping
 t - 3 scrolls of enchant weapon
 v - 3 scrolls of immolation
Potions
 b - a potion of agility
 c - a potion of lignification
 n - 3 potions of curing
 z - 2 potions of heal wounds
 C - 2 potions of brilliance
 E - a potion of ambrosia {unknown}
 G - a potion of magic
Comestibles
 f - 6 bread rations
 o - a meat ration
 x - 5 royal jellies
 B - 4 fruits


   Skills:
 + Level 5.2 Fighting
 * Level 9.8 Maces & Flails
 * Level 7.5 Armour
 + Level 2.2 Dodging
 + Level 6.9 Shields


You had 8 spell levels left.
You didn't know any spells.

Dungeon Overview and Level Annotations

Branches:
Dungeon (8/15)             Temple (1/1) D:6
   Lair: D:8-11

Altars:
Ashenzari
Cheibriados
Dithmenos
Elyvilon
Fedhas
Gozag
Hepliaklqana
Kikubaaqudgha
Makhleb
Nemelex Xobeh
Okawaru
Qazlal
Ru
Sif Muna
Uskayaw
Vehumet
Xom
Yredelemnul
Zin
The Shining One

Shops:
D:5 !???   D:6 (   D:7 }[!

Annotations:
D:8 Gastronok


Innate Abilities, Weirdness & Mutations

You are resistant to torment.
Your stone body is resilient. (AC +5)
You are immune to poison.
You resist negative energy. (rN+)
You are resistant to electric shocks. (rElec)
You can survive without breathing.
You are immune to petrification.
You are immune to rotting.
Scrolls take you a little longer to read.
Your spells are harder to cast, but more powerful.


Message History

You block the rat's attack. The river rat barely misses you.
Gastronok barely misses you.
You thump Gastronok!
Gastronok is moderately wounded.
The rat bites you but does no damage.
The river rat bites you but does no damage.
You block the rat's attack.
The river rat bites you but does no damage.
You sock Gastronok!
Gastronok is moderately wounded.
The rat barely misses you.
The river rat bites you but does no damage.
Gastronok bites you!
* * * LOW HITPOINT WARNING * * *
You hit Gastronok.
Gastronok is moderately wounded.
The rat bites you but does no damage. You block the river rat's attack.
Gastronok waves his eye-stalks in wide circles.
The air twists around and strikes you!
You die...

#..^..'......#
#.###.####.#.#
#.# #.# #.#.#
#.###.# #...#
'.....# ###.###
#####+# #...## #
#....## # #....r#
#### .......#@#
..)##
..###....rw=.....
.......
.%...).##......
...#### ###...##
.....% ##....
.....# ..... #
.... #......
##### ## ...#
...... .# ...#
..... .#


You could see Gastronok, a river rat and a rat.

Vanquished Creatures
  Maurice (D:8)
  Grinder (D:5)
  Sigmund (D:5)
  A water moccasin (D:7)
  3 ogres
  3 orc warriors
  An ice beast (D:8)
  A sky beast (D:6)
  2 phantoms
  A black bear (D:4)
  A necrophage (D:8)
  A bullfrog (D:8)
  A scorpion (D:6)
  A howler monkey (D:4)
  3 electric eels (D:6)
  2 crimson imps
  A centaur skeleton (D:6)
  A gnoll shaman (D:6)
  2 hounds
  2 jellies (D:6)
  9 orc wizards
  2 bullfrog skeletons
  Ijyb (D:4)
  4 worker ants
  3 iguanas
  A worker ant zombie (D:7)
  Robin (D:4)
  7 gnolls
  9 adders
  An adder skeleton (D:8)
  A worm (D:4)
  6 dart slugs
  5 leopard geckos
  22 orcs
  7 ball pythons
  10 giant cockroaches
  17 goblins
  6 hobgoblins
  12 jackals
  20 kobolds
  2 quokkas
  8 bats
  6 frilled lizards
  8 rats
  6 plants
204 creatures vanquished.

Notes
Turn   | Place    | Note
-------+----------+-------------------------------------------
     0 | D:1      | markt42 the Gargoyle Fighter began the quest for the Orb.
     0 | D:1      | Reached XP level 1. HP: 14/14 MP: 1/1
   128 | D:1      | Reached XP level 2. HP: 19/19 MP: 2/2
   386 | D:1      | Reached XP level 3. HP: 19/23 MP: 3/3
   985 | D:2      | Reached skill level 3 in Maces & Flails
  1051 | D:2      | Reached XP level 4. HP: 28/28 MP: 4/4
  1637 | D:2      | Found a shimmering altar of Xom.
  1639 | D:2      | Found a sacrificial altar of Ru.
  1639 | D:2      | Found a hide-covered altar of Uskayaw.
  2003 | D:3      | Reached XP level 5. HP: 32/32 MP: 5/5
  2653 | D:4      | Noticed a black bear
  2655 | D:4      | Noticed Ijyb
  2657 | D:4      | Killed a black bear
  2657 | D:4      | Reached skill level 4 in Maces & Flails
  2665 | D:4      | Killed Ijyb
  2665 | D:4      | Reached XP level 6. HP: 24/37 MP: 6/6
  2743 | D:4      | Noticed Robin
  2776 | D:4      | Killed Robin
  2883 | D:4      | Reached skill level 5 in Maces & Flails
  2948 | D:4      | Reached skill level 1 in Dodging
  3016 | D:4      | Got a dazzling chain mail
  3017 | D:4      | Identified the cursed +0 chain mail of the Barber Surgeon {rF+ rC- Int+4} (You found it on level 4 of the Dungeon)
  3026 | D:4      | Reached skill level 5 in Armour
  3026 | D:4      | Reached XP level 7. HP: 32/42 MP: 4/7
  3116 | D:4      | Found a glowing drain.
  3207 | Sewer    | Entered a sewer
  3769 | Sewer    | Gained mutation: You are frail. (-10% HP) [potion of mutation]
  3769 | Sewer    | Gained mutation: You are clumsy. (Dex -2) [potion of mutation]
  3769 | Sewer    | Gained mutation: Your spells are a little harder to cast, but a little more powerful. [potion of mutation]
  3971 | D:5      | Entered Level 5 of the Dungeon
  4089 | D:5      | Found Milagyab's Magic Scroll Boutique.
  4203 | D:5      | Noticed Grinder
  4214 | D:5      | Paralysed by Grinder for 7 turns
  4222 | D:5      | Killed Grinder
  4222 | D:5      | Reached skill level 6 in Maces & Flails
  4222 | D:5      | Reached skill level 5 in Shields
  4222 | D:5      | Reached XP level 8. HP: 37/43 MP: 8/8
  4280 | D:5      | Found Maxumoam's Magic Scroll Shop.
  4428 | D:5      | Found Caquf's Distillery.
  4500 | D:5      | Found Beiroc's Magic Scroll Emporium.
  4502 | D:5      | Noticed Sigmund
  4525 | D:5      | Killed Sigmund
  4525 | D:5      | Reached skill level 7 in Maces & Flails
  5169 | D:6      | Found a burning altar of Makhleb.
  5196 | D:6      | Found Fofyirgh's Weapon Boutique.
  5249 | D:6      | Found a transporter.
  5253 | D:6      | Found a staircase to the Ecumenical Temple.
  5264 | Temple   | Entered the Ecumenical Temple
  5271 | Temple   | Became a worshipper of Warmaster Okawaru
  5293 | D:6      | Found a transporter.
  5730 | D:6      | Reached XP level 9. HP: 43/46 MP: 6/9
  5733 | D:6      | Lost mutation: You are frail. (-10% HP) [mutagenic meat]
  5734 | D:6      | Gained mutation: Potions are less effective at restoring your health. [mutagenic meat]
  5746 | D:6      | Reached skill level 8 in Maces & Flails
  6617 | D:7      | Found Aguc's Gadget Shoppe.
  6656 | D:7      | Found Butiwone's Armour Shoppe.
  6784 | D:7      | Reached skill level 9 in Maces & Flails
  6799 | D:7      | You fall through a shaft!
  6832 | D:7      | Reached * piety under Okawaru
  6888 | D:7      | Found Ciunuati's Distillery.
  6896 | D:7      | Bought a potion of mutation for 112 gold pieces
  6896 | D:7      | Lost mutation: You are clumsy. (Dex -2) [potion of mutation]
  6896 | D:7      | Lost mutation: Potions are less effective at restoring your health. [potion of mutation]
  6896 | D:7      | Lost mutation: Your spells are a little harder to cast, but a little more powerful. [potion of mutation]
  6896 | D:7      | Gained mutation: Your spells are a little harder to cast, but a little more powerful. [potion of mutation]
  6896 | D:7      | Gained mutation: Scrolls take you a little longer to read. [potion of mutation]
  6896 | D:7      | Gained mutation: Your spells are harder to cast, but more powerful. [potion of mutation]
  7102 | D:8      | Found an opulent altar of Gozag.
  7111 | D:8      | Noticed Maurice
  7121 | D:8      | Killed Maurice
  7121 | D:8      | Reached ** piety under Okawaru
  7121 | D:8      | Reached skill level 5 in Fighting
  7238 | D:8      | Noticed Gastronok
  7261 | D:8      | Killed from afar by Gastronok

Skill      XL: |  1  2  3  4  5  6  7  8  9 |
---------------+----------------------------+-----
Maces & Flails | 3 4 5 6 7 9 |  9.8
Armour         | 4 5 6 7 |  7.5
Shields        | 4 5 6 |  6.9
Dodging        | 1 2 |  2.2
Fighting       | 4 5 |  5.2

Action                   |  1- 3 |  4- 6 |  7- 9 || total
-------------------------+-------+-------+-------++-------
Melee: Flail             |   136 |   233 |   547 ||   916
  Use: Potion            |       |     1 |    10 ||    11
       Scroll            |       |     1 |     9 ||    10
  Eat: Chunk             |       |    16 |     9 ||    25
Armor: Scale mail        |    61 |   128 |    41 ||   230
       Chain mail        |       |       |    80 ||    80
       Plate armour      |       |       |    69 ||    69
Dodge: Dodged            |    44 |    51 |    91 ||   186
Block: Shield            |    81 |   136 |   252 ||   469
